← All builds
Tech / Armada / Economy first / OBSERVED BUILD

Standard tech

Armada Tech (Eco) build order · Supreme Isthmus

Rushes T2 by 4:15, gets Advanced Metal Extractor around 5:28, hands off T2 constructors to Geo and the team, then scales eco and supplies the team's T2 needs through the rest of the game.

Usually first T2 con to Geo (83%)

#eco #t2 #team support · 1632 distinct matches · 257 players · 60% of Armada Tech games · team won 54% of 1942 · Recently observed

HOW TO PLAY IT

Key timing: T2 factory by 4:15

  1. Open 3 mex and heavy wind to fund a fast T2 rush.
  2. Put down Bot Lab, planning to eat it for reclaim soon after.
  3. Get Advanced Bot Lab up, hitting the T2 factory rush timing.
  4. Upgrade mex to Advanced Metal Extractor to lock in team metal income.
  5. Eat Advanced Bot Lab and keep sending cons to Geo and Pond.

Phase by phase

TYPICAL OF ITS 1632 GAMES
  1. 1
  2. 2
  3. 3
  4. 4
PLAY THE OPENING

Follow the example game's first 6:00 step by step: what to build now, what comes next, and where it goes. At 1× it keeps pace with your own game.

  1. 1

    Up to the Bot Lab

    Economy
    • Metal Extractor3Mex
    • Wind Turbine4Wind
    Order
    1. Bot LabBot Lab after 3 mex, 4 winddone ~1:18, middle half 1:13–1:32

    Some games also: energy storage (32%)

    By 1:01 in all: 3 mex · 4 wind

    The example game in this phase · 5 steps
    1. Mex
    2. Wind
    3. Mex ×2
    4. Wind
    5. Bot LabBot Labdone 1:02 · typical 1:18
  2. 2

    Bot Lab to Advanced Bot Lab

    Economy
    • Metal Extractor1Mex
    • Wind Turbine8Wind
    • Energy Storage1Energy storage
    Order
    1. Advanced Bot LabAdvanced Bot Lab after 4 mex, 12 wind, 3 con turretdone ~4:16, middle half 4:04–4:30
    Builders
    • Construction Turret3 Con turret
    • Lazarus3 Lazarus
    • Construction Bot2 Con bot
    • Construction Bot1 Con bot for allies

    Some games also: converter (36%)

    By 3:18 in all: 4 mex · 12 wind · 1 energy storage · 3 con turret

    The example game in this phase · 17 steps
    1. Wind
    2. LazarusLazarus
    3. Wind ×2
    4. Construction BotCon bot
    5. Wind ×2
    6. LazarusLazarus
    7. Wind ×3
    8. Construction BotCon botfor Air
    9. Mex
    10. LazarusLazarus
    11. Wind
    12. Con turret
    13. Energy storage
    14. LazarusLazarus
    15. Con turret ×2
    16. Wind
    17. Advanced Bot LabAdvanced Bot Labdone 4:08 · typical 4:16
  3. 3

    Advanced Bot Lab to 5:00

    Economy
    • Wind Turbine3Wind
    Order
    1. Bot LabEat Bot Lab
    Builders
    • Advanced Construction Bot1 T2 con bot for allies

    Some games also: converter (35%)

    By 5:00 in all: 4 mex · 15 wind · 1 converter · 1 energy storage · 3 con turret

    The example game in this phase · 6 steps
    1. Wind ×3
    2. Bot LabEat Bot Labreclaimed for its metal
    3. Converter ×4
    4. Advanced Construction BotT2 con botfor Geo
    5. Advanced Metal ExtractorT2 mexdone 4:53 · typical 5:28
    6. Advanced Construction BotT2 con botfor Air
  4. 4

    5:00 to 10:00

    Economy
    • Wind Turbine43Wind
    • Energy Converter6Converter
    Builders
    • Butler9 Butler
    • Advanced Construction Bot4 T2 con bot for allies
    • Advanced Construction Bot1 T2 con bot

    Some games also: con turret (43%) · Butler for allies (37%)

    By 10:00 in all: 4 mex · 58 wind · 8 converter · 1 energy storage · 3 con turret

    The example game in this phase · 132 steps
    1. Advanced Metal ExtractorT2 mex ×2
    2. Advanced Construction BotT2 con botfor Geo sea
    3. ButlerButler ×2
    4. Advanced Metal ExtractorT2 mex
    5. ButlerButler
    6. Advanced Construction BotT2 con bot ×2for Pond
    7. Wind ×3
    8. ButlerButler ×2
    9. Wind ×2
    10. ButlerButler
    11. Wind
    12. ButlerButler
    13. Wind ×3
    14. SharpshooterSniper botfor Geodone 8:39
    15. Wind ×10
    16. Advanced solar
    17. Wind ×8
    18. SharpshooterSniper bot
    19. ButlerButlerfor Geo sea
    20. Wind ×7
    21. ButlerButlerfor Geo sea
    22. Wind ×7
    23. SharpshooterSniper botfor Geo
    24. Wind ×20
    25. ButlerButler
    26. Wind ×6
    27. ButlerButler
    28. Wind ×7
    29. ButlerButler
    30. Wind ×7
    31. ButlerButler
    32. Wind ×13
    33. Converter
    34. Wind ×4
    35. Converter
    36. Wind ×3
    37. Converter
    38. Wind
    39. Converter
    40. Wind ×2
    41. Converter
    42. Wind ×3
    43. Advanced Construction BotT2 con bot
    44. Converter
    45. Wind ×3
    46. Con turret
    47. Wind
    48. Converter
    49. Wind ×3
    50. Converter
    51. Wind
    52. Con turret
    53. Wind ×3
    54. Converter
    55. Con turret
    56. Wind ×3
    57. Converter
    58. Wind ×2
    59. Converter
    60. TracerTracer
    61. Wind ×2
    62. Converter
    63. Wind ×6
    64. Converter ×2
    65. Wind ×4
    66. UmbrellaAnti-nukedone 12:27
    67. Converter
    68. Wind
    69. Converter
    70. Wind ×2
    71. Converter
    72. Wind ×2
    73. Converter
    74. Wind ×3
    75. Converter
    76. Wind ×2
    77. Converter
    78. Wind ×2
    79. Fusion ReactorFusiondone 13:31
    80. Wind
    81. Converter
    82. Wind ×3
    83. Converter
    84. Wind ×3
    85. Converter
    86. Wind ×2
    87. Converter
    88. Wind ×4
    89. Converter
    90. Wind
    91. Advanced Bot LabEat Advanced Bot Labreclaimed for its metal
    92. Wind
    93. Converter
    94. Wind ×3
    95. Converter
    96. Wind ×3
    97. Con turret
    98. Converter
    99. Wind ×2
    100. Con turret
    101. Wind
    102. Converter
    103. Wind
    104. Converter
    105. Wind
    106. Con turret
    107. Wind ×3
    108. Converter
    109. Wind ×2
    110. Converter
    111. Wind ×3
    112. Converter
    113. Wind ×2
    114. Converter
    115. Wind ×3
    116. Converter
    117. Wind ×2
    118. Advanced Fusion ReactorAdvanced Fusion Reactornot finished by 15:00
    119. Converter
    120. Wind
    121. Converter
    122. Wind ×4
    123. Converter ×2
    124. Wind ×4
    125. Converter
    126. Wind ×4
    127. Converter
    128. Wind ×3
    129. Converter
    130. Wind ×2
    131. Converter
    132. Wind ×18

Counts are medians over the build's games: half of them build more, half fewer. The example game is BenziR's (34 OS, 14/10/2026); pick another.

Team trades

IN AT LEAST 30% OF ITS GAMES

You hand over

  • Construction Bot1 Con bot to Airfirst at 2:23 · in 84% of games
  • Advanced Construction Bot5 T2 con bot to Air or Geo sea or Pondfirst at 4:50 · in 99% of games
  • Butler2 Butler to Geo sea or Beach sea or Pondfirst at 9:06 · in 42% of games

You get

  • Hercules1 Light transport from Airfirst at 4:01 · in 86% of games

How it plays out

Typical game of this build, running totals by minute

Metal produced

020k40k
0:005:0010:0015:00

metal

Enemy metal destroyed

050100150
0:005:0010:0015:00

metal

Own metal lost

050100150
0:005:0010:0015:00

metal

1942 games.

Show as table
ByMetal produced: This buildEnemy metal destroyed: This buildOwn metal lost: This build
1:0038300
2:0091500
3:00165200
4:00314400
5:00484700
6:00580200
7:00722800
8:00906600
9:001118300
10:001352000
11:001623900
12:001966400
13:002344000
14:0027303074
15:0031520105130
WHAT THE NUMBERS SAY

Standard Tech play barely fights at all early, instead pouring metal into T2 infrastructure and constructors for the team.

  • + Metal produced hits 31679 by 15:00, by far the highest of any role here.
  • + T2 factory reached in 97% of games by 4:15, fastest and most reliable T2 timing.
  • − Enemy metal destroyed stays at 0 through 10:00, no early offense at all.
  • − Own metal lost also near 0, showing total avoidance of combat risk.
THE EXAMPLE YOU ARE READING

BenziR

34.3 OS · 14/10/2026

Open source match ↗

1 received units
2549 metal received · 43118 energy received

Allied construction assistance is unknown. Timings are observations, not a promise of solo reproducibility.

Typical milestones

Bot Lab1:18Middle 50%: 1:13–1:32 · n=1942
Advanced Bot Lab4:16Middle 50%: 4:04–4:30 · n=1935
Advanced Metal Extractor5:28Middle 50%: 5:05–5:59 · n=1938

Played most by

Amrissa95games of this buildTheGeneraI70games of this buildAdeus57games of this buildEl_Turco56games of this buildKOT_44games of this build